 Dungeon Crawl Stone Soup version 0.29-a0-330-g52719c12eb (webtiles) character file.

Game seed: 6336573589997463012

116 EriolAelfwine the Shield-Bearer (level 4, -4/42 HPs)
             Began as a Deep Dwarf Fighter on May 12, 2022.
             Slain by a gnoll
             ... wielding a +0 halberd
              (6 damage)
             ... on level 3 of the Dungeon.
             The game lasted 00:02:41 (1191 turns).

EriolAelfwine the Shield-Bearer (DDFi)              Turns: 1191, Time: 00:02:42

Health: -4/42      AC: 14    Str: 22    XL:     4   Next: 70%
Magic:  4/4        EV:  6    Int:  8    God:
Gold:   139        SH:  5    Dex: 12    Spells: 3/3 levels left

rFire   . . .      SeeInvis .   a - +0 war axe
rCold   . . .      Faith    .   c - +0 buckler
rNeg    . . .      Spirit   .   f - +0 plate armour
rPois   .          Reflect  .   h - +0 helmet
rElec   .          Harm     .   (no cloak)
rCorr   .          Rampage  .   g - +0 pair of gloves
Will    .....                   (no boots)
Stlth   ..........              (no amulet)
HPRegen 0.00/turn               (no ring)
MPRegen 0.09/turn               (no ring)

@: no status effects
A: damage resistance, heal wounds, sense surroundings 1, no regeneration
a: Heal Wounds


You were on level 3 of the Dungeon.
You visited 1 branch of the dungeon, and saw 3 of its levels.

You collected 139 gold pieces.

Inventory:

Hand Weapons
 a - a +0 war axe (weapon)
Armour
 c - a +0 buckler (worn)
 f - a +0 plate armour (worn)
 g - a +0 pair of gloves (worn)
 h - a +0 helmet (worn)
Jewellery
 s - a ring of protection from cold
Wands
 m - a wand of acid (10)
Scrolls
 i - a scroll of silence {unknown}
 j - a scroll of teleportation {unknown}
 o - a scroll of summoning {unknown}
 p - a scroll of identify {unknown}
 r - a scroll of holy word {unknown}
Potions
 b - a potion of mutation {unknown}
 d - a potion of might
 e - a potion of resistance {unknown}
 k - a potion of flight {unknown}
 l - a potion of curing {unknown}
 n - a potion of berserk rage {unknown}
 q - 2 potions of haste {unknown}


   Skills:
 + Level 3.3 Fighting
 * Level 3.7 Axes
 + Level 4.0 Armour
 + Level 4.0 Shields


You had 3 spell levels left.
You didn't know any spells.
Your spell library contained the following spells:

 Spells                   Type           Power      Damage    Failure   Level
 Ensorcelled Hibernation  Hex/Ice        0%         N/A       100%        2
 Spider Form              Tmut/Pois      0%         N/A       100%        3
 Anguish                  Hex/Necr       0%         N/A       100%        4


Dungeon Overview and Level Annotations

Branches:
Dungeon (3/15)

Altars:
Fedhas


Innate Abilities, Weirdness & Mutations

You are resistant to damage.
You can heal yourself by infusing magical energy.
You passively map a small area around you.
You do not regenerate.


Message History

You barely miss the gnoll.
The gnoll is heavily wounded.
The gnoll hits you with a +0 halberd!
The gnoll hits you from afar with a +0 halberd!
You barely miss the gnoll.
The gnoll is heavily wounded.
You block the gnoll's attack. The gnoll barely misses you.
You hit the gnoll.
The gnoll is almost dead.
You block the gnoll's attack.
The gnoll hits you from afar with a +0 halberd.
The gnoll hits you but does no damage.
The gnoll hits you from afar with a +0 halberd!
You closely miss the gnoll.
The gnoll is almost dead.
The gnoll closely misses you.
The gnoll hits you from afar with a +0 halberd.
You slash the gnoll!
You kill the gnoll!
You block the gnoll's attack.
Your Armour skill increases to level 4!
Your Shields skill increases to level 4!
The gnoll completely misses you. You block the gnoll's attack.
Things that are here:
a +0 halberd; a gnoll corpse You hit the gnoll.
The gnoll is heavily wounded.
The gnoll barely misses you. The gnoll hits you with a +0 halberd.
The gnoll closely misses you. You block the gnoll's attack.
You hit the gnoll.
The gnoll is severely wounded.
The gnoll hits you from afar with a +0 halberd.
The gnoll hits you with a +0 halberd!
* * * LOW HITPOINT WARNING * * *
You barely miss the gnoll.
The gnoll is heavily wounded.
The gnoll hits you from afar with a +0 halberd.
* * * LOW HITPOINT WARNING * * *
The gnoll hits you with a +0 halberd!
You die...

, #.#.###### ,** #.###
#########.#....... , ,.....
.................. *
#.#..,........#.#######.
#.#.#########.#.# #.
#.#.#.......#.#.# #. *
#.#.#.........#.# #.
######.#.#######.###.#######.
..........gg@................
.......#########.........[...
, .......
#######.............
,.......*
.........##......... ,
....... ,....................
....... .........#..........
..).... .........#..........
, .......*
.........#..........
.........#..........


You could see 2 gnolls.

Vanquished Creatures
  A gnoll (D:3)
  3 adders
  A worm (D:2)
  5 dart slugs
  6 orcs (D:3)
  7 bats
  4 endoplasms
  A giant cockroach (D:2)
  3 goblins
  8 hobgoblins
  4 jackals (D:1)
  3 kobolds
  2 ball pythons
  2 frilled lizards
  10 rats
60 creatures vanquished.

Notes
Turn   | Place    | Note
-------+----------+-------------------------------------------
     0 | D:1      | EriolAelfwine the Deep Dwarf Fighter began the quest for
                  | the Orb.
     0 | D:1      | Reached XP level 1. HP: 20/20 MP: 1/1
    70 | D:1      | Reached XP level 2. HP: 25/27 MP: 2/2
   461 | D:2      | Reached XP level 3. HP: 32/34 MP: 3/3
   485 | D:2      | Found a blossoming altar of Fedhas.
   809 | D:2      | Reached XP level 4. HP: 37/42 MP: 4/4
  1191 | D:3      | HP: 2/42 [gnoll/+0 halberd (1)]
  1191 | D:3      | Slain by a gnoll

Illustrated notes

Levels and vault maps discovered:
D:1:      scummos_arrival_forest, layout_rooms
D:2:      minmay_spotlight, layout_basic, basic_altar
D:3:      layout_basic, minmay_misc_feat_four_crosses

Skill      XL: |  1  2  3  4 |
---------------+-------------+-----
Fighting       | 3 |  3.3
Axes           | 3 |  3.7
Armour         | 4 |  4.0
Shields        | 4 |  4.0

Action                   |  1- 3 |  4- 6 || total
-------------------------+-------+-------++-------
Melee: War axe           |   109 |    40 ||   149
 Abil: Heal Wounds       |       |     1 ||     1
Armor: Scale mail        |     4 |       ||     4
       Plate armour      |    76 |    24 ||   100
Dodge: Dodged            |    32 |    12 ||    44
Block: Buckler           |    26 |    13 ||    39

Table legend: (Time is in decaauts)
 A = Elapsed time spent in this place.
 B = Non-inter-level travel time spent in this place.
 C = Inter-level travel time spent in this place.
 D = Time resting spent in this place.
 E = Time spent auto-exploring this place.
 F = Levels seen in this place.
 G = Mean time per level.
                   A        B        C        D        E       F      G
               +--------+--------+--------+--------+--------+-----+--------+
         Total |   1246 |   1209 |     37 |      0 |    810 |   3 |  415.3 |
       Dungeon |   1246 |   1209 |     37 |      0 |    810 |   3 |  415.3 |
               +--------+--------+--------+--------+--------+-----+--------+

Top non-repeatable levels by time:
     D:2: 527 daAuts
     D:1: 459 daAuts
     D:3: 260 daAuts
